 Dungeon Crawl Stone Soup version 0.30-a0-782-ge64f9170bb (webtiles) character file.

Game seed: 5904090741633378415

409 Bnni the Tainter (level 7, -4/53 HPs)
             Began as a Formicid Venom Mage on Feb 28, 2023.
             Was an Initiate of Cheibriados.
             Slain by an ogre zombie
             ... wielding a +0 giant club of venom
              (21 damage)
             ... on level 4 of the Dungeon.
             The game lasted 00:09:20 (3944 turns).

Bnni the Tainter (Formicid Venom Mage)              Turns: 3944, Time: 00:09:21

Health: -4/53      AC:  3    Str: 16    XL:     7   Next: 13%
Magic:  11/11      EV: 12    Int: 15    God:    Cheibriados [......]
Gold:   211        SH:  0    Dex: 15    Spells: 2/12 levels left

rFire   + . .      SeeInvis +    l - +1 short sword (elec)
rCold   + . .      Faith    .    (no shield)
rNeg    . . .      Spirit   .    a - +0 robe
rPois   +          Reflect  .    (helmet unavailable)
rElec   +          Harm     .    (no cloak)
rCorr   +          Rampage  .    r - +0 pair of gloves {Stlth+}
Will    .....                    (no boots)
Stlth   ++++                     (no amulet)
HPRegen 0.28/turn                (no ring)
MPRegen 0.12/turn                (no ring)

@: mighty, lethally poisoned (-4 -> -15), resistant, flying, very slow
A: permanent stasis, dig shafts and tunnels, antennae 3, four strong arms,
camouflage 1
a: Dig, Shaft Self, Renounce Religion


You were on level 4 of the Dungeon.
You worshipped Cheibriados.
Cheibriados was noncommittal.
You visited 1 branch of the dungeon, and saw 4 of its levels.

You collected 211 gold pieces.

Inventory:

Hand Weapons
 h - a +2 short sword of venom
 l - a +1 short sword of electrocution (weapon)
Armour
 a - a +0 robe (worn)
 f - a +0 ring mail
 i - an orb of guile
 r - a +0 pair of gloves of stealth (worn)
Wands
 z - a wand of paralysis (11)
Scrolls
 e - a scroll of identify {unknown}
 g - 2 scrolls of enchant weapon {unknown}
 k - 3 scrolls of fear {unknown}
 m - 2 scrolls of blinking {unknown}
 n - a scroll of poison {unknown}
 p - a scroll of summoning {unknown}
 t - a scroll of enchant armour {unknown}
 u - a scroll of amnesia {unknown}
 w - a scroll of teleportation {unknown}
 y - a scroll of torment {unknown}
Potions
 b - 3 potions of magic
 c - a potion of resistance
 d - a potion of flight
 j - 3 potions of might
 o - 2 potions of curing {unknown}
 q - 2 potions of mutation
 s - 2 potions of heal wounds
 v - a potion of haste {unknown}
 x - a potion of attraction {unknown}
 A - a potion of brilliance {unknown}


   Skills:
 + Level 3.8 Fighting
 + Level 0.0 Armour
 - Level 1.7 Dodging
 - Level 2.4 Stealth
 - Level 3.0 Spellcasting
 - Level 1.1 Transmutations
 * Level 8.1 Poison Magic


You had 2 spell levels left.
You knew the following spells:

 Your Spells              Type           Power      Damage    Failure   Level
a - Sting                 Tmut/Pois      64%        1d6       3%          1
b - Poisonous Vapours     Pois/Air       28%        N/A       6%          2
c - Mephitic Cloud        Conj/Pois/Air  10%        N/A       21%         3
d - Olgreb's Toxic Radia  Pois           26%        N/A       7%          4

Your spell library contained the following spells:

 Spells                   Type           Power      Damage    Failure   Level
 Lesser Beckoning         Tloc           4%         N/A       30%         2
 Momentum Strike          Conj/Tloc      4%         3d8       30%         2
 Blink                    Tloc           Unusable   N/A       N/A         2

Dungeon Overview and Level Annotations

Branches:
Dungeon (4/15)
 Temple: D:4-7

Altars:
Cheibriados
Wu Jian

Annotations:
D:4 1 transporter


Innate Abilities, Weirdness & Mutations

You cannot be hasted, slowed, berserked, paralysed or teleported.
You can dig through walls and to a lower floor.
You have a pair of large antennae on your head. (SInv)
Your four strong arms can wield two-handed weapons with a shield.
Your skin changes colour to match your surroundings (Stealth+).


Message History

You hear the crackle of electricity.
l - a +1 short sword of electrocution (weapon)
You enter the transporter and appear at another place.
c - 2 potions of resistance (gained 1)
You now have 211 gold pieces (gained 12).
You open the gate.
An orc warrior zombie comes into view. It is wielding a +0 hand axe of venom.
An ogre zombie comes into view.
It is wielding a +0 giant club of venom.
There is an open gate here.
You feel protected.
You hit the ogre zombie but do no damage.
The ogre zombie hits you with a +0 giant club of venom!!
You are lethally poisoned!
You hit the ogre zombie.
The ogre zombie is lightly damaged.
You feel very sick.
It was a potion of mutation.
You feel extremely strange.
Your skin functions as natural camouflage.
You feel very sick. The ogre zombie barely misses you.
Unknown command.
It was a potion of might.
You feel very mighty all of a sudden.
* * * LOW HITPOINT WARNING * * *
You feel very sick.
It was a potion of heal wounds.
You feel much better.
You feel very sick. The orc warrior zombie misses you.
The ogre zombie hits you with a +0 giant club of venom!
You puncture the ogre zombie!
The ogre zombie is moderately damaged.
You feel sick.
The orc warrior zombie barely misses you.
It was a potion of flight.
You feel very buoyant.
You fly up into the air.
You feel very sick.
The orc warrior zombie hits you with a +0 short sword of venom!
The ogre zombie hits you with a +0 giant club of venom!!
You die...

...#..###....##.####.......).####
##.##..##....##..................
...###.##....############.......#
...###.##....#○☼○☼○########.....'
.......##.####○○○°☼#°○°○°○###...#
.......##.####°☼☼°°#○☼°°°.#......
........#.#..#($.○°○.#.#°°#..#...
..#...#.#...©#©ZZ☼○°...©..#©.....
..#...#.#.#..#)$@○○○.#.#..#..##..
..#...#......#°○Z☼°#○°°○.○#####..
..+..........#☼☼○☼○#°°°°..# #..
..######)....#○○○°○######## ###
..+..........####################
..#####................<.#.......
#######...###########....#.......
......#.......# #....#.......
..............# #....#.......


You could see 2 orc warrior zombies and an ogre zombie.

Vanquished Creatures
  Sigmund (D:2)
  Ijyb (D:4)
  2 iguanas (D:4)
  Robin (D:2)
  6 adders
  A worm (D:2)
  A dart slug (D:1)
  4 orcs
  6 ball pythons
  9 endoplasms
  2 giant cockroaches
  13 goblins
  9 hobgoblins
  9 jackals
  4 quokkas
  5 bats
  5 frilled lizards
  4 kobolds
  6 rats
89 creatures vanquished.

Notes
Turn   | Place    | Note
-------+----------+-------------------------------------------
     0 | D:1      | Bnni the Formicid Venom Mage began the quest for the Orb.
     0 | D:1      | Reached XP level 1. HP: 13/13 MP: 3/3
   104 | D:1      | Reached XP level 2. HP: 15/20 MP: 0/5
   109 | D:1      | Learned a level 2 spell: Poisonous Vapours
   317 | D:1      | Reached skill level 1 in Fighting
   411 | D:1      | Reached XP level 3. HP: 15/26 MP: 2/6
   959 | D:2      | Noticed Sigmund
  1003 | D:2      | Killed Sigmund
  1004 | D:2      | Reached skill level 6 in Poison Magic
  1004 | D:2      | Reached XP level 4. HP: 20/34 MP: 0/8
  1004 | D:2      | Reached XP level 5. HP: 24/40 MP: 0/9
  1004 | D:2      | Reached XP level 6. HP: 27/46 MP: 0/10
  1010 | D:2      | Learned a level 4 spell: Olgreb's Toxic Radiance
  1014 | D:2      | Learned a level 3 spell: Mephitic Cloud
  1155 | D:2      | Found a faded altar of an unknown god.
  1243 | D:2      | Reached skill level 7 in Poison Magic
  1252 | D:2      | Identified the +1 helmet of the Pleiades {rElec}
  1252 | D:2      | Noticed Robin
  1260 | D:2      | Killed Robin
  1422 | D:2      | Found an ornate altar of the Wu Jian Council.
  3080 | D:4      | Found a transporter.
  3177 | D:4      | Reached XP level 7. HP: 41/53 MP: 5/11
  3279 | D:4      | Noticed Ijyb
  3290 | D:4      | Killed Ijyb
  3291 | D:4      | Reached skill level 8 in Poison Magic
  3397 | D:4      | Found a transporter.
  3694 | D:4      | Found a snail-covered altar of Cheibriados.
  3702 | D:4      | Became a worshipper of Cheibriados the Contemplative
  3940 | D:4      | Gained mutation: Your skin changes colour to match your
                  | surroundings (Stealth+). [potion of mutation]
  3944 | D:4      | Slain by an ogre zombie

Illustrated notes

Levels and vault maps discovered:
D:1:      dpeg_arrival_rhombus, layout_rooms
D:2:      layout_loops_corners, dreamdust_ecumenical_altar_angels_and_demons,
          basic_altar, ebering_dispersal_statue_hall, grunt_ministairs_11,
          reono_crystal_passage, nicolae_titane, uniq_sigmund, uniq_robin
D:3:      layout_basic, serial_curves, eino_curves_04, eino_curves_01
D:4:      gammafunk_cloud_chamber, layout_basic, old_standard_altar, uniq_ijyb

Skill      XL: |  1  2  3  4  5  6  7 |
---------------+----------------------+-----
Fighting       | 1 2 3 |  3.8
Spellcasting   | 3 |  3.0
Poison Magic   | 6 7 8 |  8.1
Dodging        | |  1.7
Stealth        | |  2.4
Transmutations | |  1.1

Action                     |  1- 3 |  4- 6 |  7- 9 || total
---------------------------+-------+-------+-------++-------
  Melee: Unarmed           |     7 |       |       ||     7
         Mace              |    13 |       |       ||    13
         Short sword       |    46 |   106 |    15 ||   167
         Punch             |       |     2 |       ||     2
   Cast: Sting             |    18 |     1 |       ||    19
         Poisonous Vapours |     4 |    14 |     5 ||    23
         Olgreb's Toxic Ra |       |     3 |     1 ||     4
    Use: Potion            |       |       |     5 ||     5
   Stab: Sleeping          |     2 |    11 |     2 ||    15
         Distracted        |       |     1 |       ||     1
 Armour: Robe              |    12 |    14 |     6 ||    32
  Dodge: Dodged            |    47 |    43 |     7 ||    97

Table legend: (Time is in decaauts)
 A = Elapsed time spent in this place.
 B = Non-inter-level travel time spent in this place.
 C = Inter-level travel time spent in this place.
 D = Time resting spent in this place.
 E = Time spent auto-exploring this place.
 F = Levels seen in this place.
 G = Mean time per level.
                   A        B        C        D        E       F      G
               +--------+--------+--------+--------+--------+-----+--------+
         Total |   4008 |   3841 |    167 |     40 |   3131 |   4 | 1002.0 |
       Dungeon |   4008 |   3841 |    167 |     40 |   3131 |   4 | 1002.0 |
               +--------+--------+--------+--------+--------+-----+--------+

Top non-repeatable levels by time:
     D:2: 1144 daAuts
     D:4: 1120 daAuts
     D:3: 962 daAuts
     D:1: 780 daAuts
